 Dungeon Sprint DCSS version 0.21-a0-67-g3f13d09 (webtiles) character file.

191 Kidiri the Covert (level 5, 0/27 HPs)
             Began as a Spriggan Enchanter on June 17, 2017.
             Was a Follower of Wu Jian.
             Slain by a spriggan
             ... wielding a +0 dagger
              (12 damage)
             ... in the Dungeon (Sprint IV: "Fedhas' Mad Dash").
             The game lasted 00:02:25 (575 turns).

Kidiri the Covert (Spriggan Enchanter)               Turns: 575, Time: 00:02:26

Health: 0/27       AC:  2    Str:  4    XL:     5   Next: 41%
Magic:  1/14       EV: 23    Int: 16    God:    Wu Jian [*.....]
Gold:   70         SH:  0    Dex: 18    Spells: 7/16 levels left

rFire    . . .     SeeInvis +   a - +1 dagger
rCold    . . .     Gourm    .   (shield restricted)
rNeg     . . .     Faith    .   b - +0 robe
rPois    .         Spirit   .   (helmet restricted)
rElec    .         Reflect  .   (no cloak)
rCorr    .         Harm     .   (gloves unavailable)
MR       .....     NoTele   +   (boots unavailable)
Stlth    ++++......             i - amulet of invisibility {+Inv}
HPRegen  0.09/turn              (no ring)
MPRegen  0.14/turn              (no ring)

@: very slightly contaminated, very quick
A: unfitting armour, see invisible, herbivore 3, speed 3, slow metabolism 2
a: Renounce Religion, Evoke Invisibility


You were in the Dungeon.
You worshipped Wu Jian.
Wu Jian was aware of your devotion.
You were not hungry.

You visited 1 branch You collected 70 gold pieces.

Inventory:

Hand Weapons
 a - a +1 dagger (weapon)
Armour
 b - a +0 robe (worn)
Jewellery
 i - the amulet of invisibility (around neck) {+Inv}
   (You found it in the Dungeon)

   [amulet of nothing]

   It lets you turn invisible.
Scrolls
 j - a scroll of blinking
 k - a scroll of enchant armour {unknown}
Potions
 e - a potion of curing
 g - a potion of haste
 h - a potion of magic
Books
 c - a book of Maledictions

   Spells                             Type                      Level
   a - Corona                         Hexes                        1
   b - Ensorcelled Hibernation        Hexes/Ice                    2
   c - Confuse                        Hexes                        3
   d - Tukima's Dance                 Hexes                        3
   e - Dazzling Spray                 Conjuration/Hexes            3
Comestibles
 d - a bread ration


   Skills:
 + Level 2.4 Fighting
 * Level 5.0 Short Blades
 + Level 2.0 Armour
 * Level 7.3 Dodging
 * Level 8.4 Stealth
 * Level 6.1 Spellcasting
 + Level 5.4 Hexes
 + Level 2.0 Ice Magic


You had 7 spell levels left.
You knew the following spells:

 Your Spells              Type           Power        Failure   Level  Hunger
a - Corona                Hex            ###....      1%          1    None
b - Ensorcelled Hibernat  Hex/Ice        ###...       4%          2    #......
c - Confuse               Hex            ###.....     4%          3    ##.....
d - Tukima's Dance        Hex            ###.....     4%          3    ##.....


Dungeon Overview and Level Annotations

Branches:
Dungeon (1/1)

Altars:
Cheibriados
Dithmenos
Elyvilon
Gozag
Hepliaklqana
Kikubaaqudgha
Makhleb
Nemelex Xobeh
Okawaru
Qazlal
Ru
Sif Muna
Trog
Uskayaw
Vehumet
Wu Jian
Xom
Yredelemnul
Zin
The Shining One
Beogh
Jiyva
Lugonu


Innate Abilities, Weirdness & Mutations

You are very small and have problems with some larger weapons.
You are too small for most types of armour.
You have supernaturally acute eyesight. (SInv)
You are a herbivore.
You cover ground extremely quickly.
You need consume almost no food.


Message History

Press: ? - help, Shift-Dir - straight line, f/p - spriggan
Aim: a spriggan, wielding a dagger, wearing a robe and wearing a buckler (chance to defeat MR: 27%)
The spriggan easily resists.
The spriggan hits you with a dagger!
That item cannot be evoked!
That item cannot be evoked!
There is an open door here.
You see here a chain mail.
Casting: Tukima's Dance
Confirm with . or Enter, or press ? or * to list all spells.
Aiming: Corona
Press: ? - help, Shift-Dir - straight line, f/p - spriggan
Aim: a spriggan, wielding a dagger, wearing a robe and wearing a buckler (chance to defeat MR: 27%)
The spriggan easily resists.
The spriggan misses you.
You hit the spriggan.
The spriggan is moderately wounded.
The spriggan misses you.
You miss the spriggan.
The spriggan is moderately wounded.
The spriggan hits you with a dagger!
You die...

#######################
#<..P#.....#.....#.⌠._.
#PP..'@i...'.#...'.._._
#PPPP#.....#.#...#..._.
###############+##.._._
+...#._._. #...######
#####


You could see a spriggan.

Vanquished Creatures
  4 oklob saplings (D)
  A worker ant (D)
  A spriggan (D)
  A river rat (D)
  A rat (D)
8 creatures vanquished.

Notes
Turn   | Place    | Note
-------+----------+-------------------------------------------
     0 | D        | Kidiri the Spriggan Enchanter began the quest for the Orb.
     0 | D        | Reached XP level 1. HP: 9/9 MP: 5/5
    14 | D        | Reached skill level 1 in Fighting
    14 | D        | Reached skill level 5 in Stealth
    14 | D        | Reached XP level 2. HP: 5/14 MP: 7/7
   247 | D        | Noticed an oklob sapling
   248 | D        | Killed an oklob sapling
   248 | D        | Reached skill level 1 in Armour
   248 | D        | Reached skill level 6 in Stealth
   248 | D        | Reached XP level 3. HP: 18/18 MP: 7/9
   252 | D        | Learned a level 2 spell: Ensorcelled Hibernation
   256 | D        | Learned a level 3 spell: Confuse
   260 | D        | Learned a level 3 spell: Tukima's Dance
   263 | D        | Reached skill level 5 in Dodging
   287 | D        | Noticed an oklob sapling
   290 | D        | Killed an oklob sapling
   290 | D        | Reached skill level 1 in Ice Magic
   290 | D        | Reached XP level 4. HP: 23/23 MP: 8/11
   416 | D        | Found an opulent altar of Gozag.
   416 | D        | Found a hazy altar of Hepliaklqana.
   416 | D        | Found a burning altar of Makhleb.
   416 | D        | Found a roughly hewn altar of Beogh.
   416 | D        | Found a sparkling altar of Nemelex Xobeh.
   416 | D        | Found a snail-covered altar of Cheibriados.
   416 | D        | Found a sacrificial altar of Ru.
   416 | D        | Found a deep blue altar of Sif Muna.
   416 | D        | Found a shimmering altar of Xom.
   416 | D        | Found a basalt altar of Yredelemnul.
   417 | D        | Found a viscous altar of Jiyva.
   417 | D        | Found a bloodstained altar of Trog.
   417 | D        | Found an ornate altar of the Wu Jian Council.
   418 | D        | Found an iron altar of Okawaru.
   418 | D        | Found a glowing silver altar of Zin.
   418 | D        | Found a shadowy altar of Dithmenos.
   420 | D        | Found a hide-covered altar of Uskayaw.
   420 | D        | Found an ancient bone altar of Kikubaaqudgha.
   421 | D        | Became a worshipper of the Wu Jian Council
   422 | D        | Found a glowing golden altar of the Shining One.
   422 | D        | Found a stormy altar of Qazlal.
   422 | D        | Found a white marble altar of Elyvilon.
   423 | D        | Found a radiant altar of Vehumet.
   423 | D        | Found a corrupted altar of Lugonu.
   426 | D        | Reached skill level 7 in Stealth
   426 | D        | Reached skill level 5 in Spellcasting
   426 | D        | Reached skill level 5 in Hexes
   526 | D        | Reached skill level 8 in Stealth
   526 | D        | Reached XP level 5. HP: 26/26 MP: 11/14
   539 | D        | Reached * piety under Wu Jian
   539 | D        | Reached skill level 5 in Short Blades
   575 | D        | Slain by a spriggan

Vault maps used:
D:        dungeon_sprint_fedhas

Skill      XL: |  1  2  3  4  5 |
---------------+----------------+-----
Spellcasting   | 3 4 5 6 |  6.1
Fighting       | 1 2 |  2.4
Short Blades   | 2 3 4 5 |  5.0
Stealth        | 5 6 8 |  8.4
Armour         | 1 2 |  2.0
Dodging        | 4 5 7 |  7.3
Hexes          | 4 5 |  5.4
Ice Magic      | 1 2 |  2.0

Action                   |  1- 3 |  4- 6 || total
-------------------------+-------+-------++-------
Melee: Dagger            |     7 |     5 ||    12
 Cast: Confuse           |       |     5 ||     5
       Ensorcelled Hiber |       |     4 ||     4
       Tukima's Dance    |       |     1 ||     1
       Corona            |       |     1 ||     1
 Abil: Evoke Invisibilit |     1 |     2 ||     3
  Use: Potion            |     1 |     2 ||     3
 Stab: Sleeping          |     4 |     3 ||     7
Dodge: Dodged            |     2 |    12 ||    14
